TOP OF THE 1ST |
Phoenix Hotspur U-21 batting - Pitching for Gwinnett County Black Cats : RHP Jeff Greer
|
Pitching: RHP Jeff Greer
|
|
Batting: LHB Damian Alldred
|
0-0: Foul Ball, location: 2F 0-1: Ball 1-1: Bunt for hit - play at first, batter OUT! 2-3
|
Batting: LHB Tyler Kinjeketile
|
0-0: Ball 1-0: SINGLE (Flyball, 7S)
|
Batting: LHB Jason DeGeorge
|
0-0: Ball 1-0: Ball 2-0: Called Strike 2-1: Foul Ball, location: 2F 2-2: Ball 3-2: Base on Balls Tyler Kinjeketile to second
|
Batting: RHB Jim Justice
|
0-0: Called Strike 0-1: Ball 1-1: Ball 2-1: Ball 3-1: Called Strike 3-2: Grounds into double play, 3-6-3 (Groundball, 3)
|
Top of the 1st over - 0 runs, 1 hit, 0 errors, 1 left on base; Phoenix 0 - Gwinnett County 0 |
BOTTOM OF THE 1ST |
Gwinnett County Black Cats batting - Pitching for Phoenix Hotspur U-21 : RHP Jorge Cruzan
|
Pitching: RHP Jorge Cruzan
|
|
Batting: LHB Ramón Vega
|
0-0: Called Strike 0-1: Called Strike 0-2: Ball 1-2: Ground out 6-3 (Groundball, 6)
|
Batting: RHB Luc Bartoli
|
0-0: Ball 1-0: Ball 2-0: Called Strike 2-1: SINGLE (Line Drive, 9S)
|
Batting: RHB Sidney Mackell
|
0-0: Ball 1-0: Foul Ball, location: 2F 1-1: Called Strike Pickoff Throw to First - Out! 1-2: Ball 2-2: Foul Ball, location: 2F 2-2: Foul Ball, location: 2F 2-2: Foul Ball, location: 2F 2-2: Foul Ball, location: 2F 2-2: Ball 3-2: Fly out, F7 (Flyball, 78S)
|
Bottom of the 1st over - 0 runs, 1 hit, 0 errors, 0 left on base; Phoenix 0 - Gwinnett County 0 |
TOP OF THE 2ND |
Phoenix Hotspur U-21 batting - Pitching for Gwinnett County Black Cats : RHP Jeff Greer
|
Batting: RHB Sinfronio Vitor
|
0-0: Called Strike 0-1: Ball 1-1: Foul Ball, location: 2F 1-2: Foul Ball, location: 2F 1-2: Strikes out swinging
|
Batting: RHB Bill Erickson
|
0-0: Ball 1-0: Single, Error in OF, E7, batter to second base
|
Batting: RHB Bill Poole
|
0-0: Ball 1-0: Called Strike Bill Erickson steals 3rd base 1-1: Foul Ball, location: 2F 1-2: Ball 2-2: Ball 3-2: Foul Ball, location: 2F 3-2: Fly out, F8 (Flyball, 89D) Runner from 3rd tags up, SCORES, throw made
|
Batting: RHB Braylen Sampson
|
0-0: SINGLE (Groundball, 6MD)
|
Batting: RHB Greg Billingsley
|
0-0: Ball 1-0: Ball 2-0: Ball 3-0: Called Strike 3-1: Fly out, F8 (Flyball, 8RM)
|
Top of the 2nd over - 1 run, 2 hits, 1 error, 1 left on base; Phoenix 1 - Gwinnett County 0 |
BOTTOM OF THE 2ND |
Gwinnett County Black Cats batting - Pitching for Phoenix Hotspur U-21 : RHP Jorge Cruzan
|
Batting: RHB Manuel Barrios
|
0-0: Foul Ball, location: 2F 0-1: Swinging Strike 0-2: Ball 1-2: Ball 2-2: Ground out 4-3 (Groundball, 4)
|
Batting: RHB Chang-lit Min
|
0-0: Ball 1-0: Called Strike 1-1: Ball 2-1: Foul Ball, location: 2F 2-2: Ball 3-2: Strikes out looking
|
Batting: LHB Marvello Obra
|
0-0: Ball 1-0: Swinging Strike 1-1: Swinging Strike 1-2: Fly out, F9 (Flyball, 9LSF)
|
Bottom of the 2nd over - 0 runs, 0 hits, 0 errors, 0 left on base; Phoenix 1 - Gwinnett County 0 |
TOP OF THE 3RD |
Phoenix Hotspur U-21 batting - Pitching for Gwinnett County Black Cats : RHP Jeff Greer
|
Batting: LHB Damian Alldred
|
0-0: Foul Ball, location: 2F 0-1: Ball 1-1: Ball 2-1: Ball 3-1: Base on Balls
|
Batting: LHB Tyler Kinjeketile
|
0-0: Swinging Strike 0-1: Ball 1-1: Ball 2-1: Fly out, F9 (Flyball, 89D)
|
Batting: LHB Jason DeGeorge
|
0-0: Ball 1-0: Fly out, F8 (Flyball, 8LS)
|
Batting: RHB Jim Justice
|
0-0: Ball Damian Alldred is caught stealing 2nd base
|
Top of the 3rd over - 0 runs, 0 hits, 0 errors, 0 left on base; Phoenix 1 - Gwinnett County 0 |
BOTTOM OF THE 3RD |
Gwinnett County Black Cats batting - Pitching for Phoenix Hotspur U-21 : RHP Jorge Cruzan
|
Batting: RHB Bill Wilson
|
0-0: Ball 1-0: Ball 2-0: Fly out, F3 (Popup, 3F)
|
Batting: RHB Elder Sarrano
|
0-0: Foul Ball, location: 2F 0-1: Called Strike 0-2: Ball 1-2: Ball 2-2: Fly out, F7 (Flyball, 7D)
|
Batting: RHB José García
|
0-0: Ball 1-0: Ball 2-0: Called Strike 2-1: Swinging Strike 2-2: Strikes out looking
|
Bottom of the 3rd over - 0 runs, 0 hits, 0 errors, 0 left on base; Phoenix 1 - Gwinnett County 0 |
TOP OF THE 4TH |
Phoenix Hotspur U-21 batting - Pitching for Gwinnett County Black Cats : RHP Jeff Greer
|
Batting: RHB Jim Justice
|
0-0: Ball 1-0: Ball 2-0: Called Strike 2-1: Fly out, F7 (Flyball, 7LM)
|
Batting: RHB Sinfronio Vitor
|
0-0: Called Strike 0-1: Ball 1-1: Fly out, F6 (Popup, 6S)
|
Batting: RHB Bill Erickson
|
0-0: Ball 1-0: Ball 2-0: Ball 3-0: Called Strike 3-1: Foul Ball, location: 2F 3-2: Strikes out swinging
|
Top of the 4th over - 0 runs, 0 hits, 0 errors, 0 left on base; Phoenix 1 - Gwinnett County 0 |
BOTTOM OF THE 4TH |
Gwinnett County Black Cats batting - Pitching for Phoenix Hotspur U-21 : RHP Jorge Cruzan
|
Batting: LHB Ramón Vega
|
0-0: Ball 1-0: Ball 2-0: Ground out 6-3 (Groundball, 6)
|
Batting: RHB Luc Bartoli
|
0-0: Ball 1-0: Called Strike 1-1: Ball 2-1: Foul Ball, location: 2F 2-2: Ground out U3 (Groundball, 3)
|
Batting: RHB Sidney Mackell
|
0-0: Ball 1-0: Ball 2-0: Called Strike 2-1: Called Strike 2-2: Ball 3-2: Fly out, F7 (Flyball, 7)
|
Bottom of the 4th over - 0 runs, 0 hits, 0 errors, 0 left on base; Phoenix 1 - Gwinnett County 0 |
TOP OF THE 5TH |
Phoenix Hotspur U-21 batting - Pitching for Gwinnett County Black Cats : RHP Jeff Greer
|
Batting: RHB Bill Poole
|
0-0: Swinging Strike 0-1: Foul Ball, location: 2F 0-2: Strikes out swinging
|
Batting: RHB Braylen Sampson
|
0-0: Swinging Strike 0-1: Foul Ball, location: 2F 0-2: Ball 1-2: Ball 2-2: Ball 3-2: Strikes out swinging
|
Batting: RHB Greg Billingsley
|
0-0: Ball 1-0: Fly out, F8 (Flyball, 8RD)
|
Top of the 5th over - 0 runs, 0 hits, 0 errors, 0 left on base; Phoenix 1 - Gwinnett County 0 |
BOTTOM OF THE 5TH |
Gwinnett County Black Cats batting - Pitching for Phoenix Hotspur U-21 : RHP Jorge Cruzan
|
Batting: RHB Manuel Barrios
|
0-0: Ball 1-0: Swinging Strike 1-1: Foul Ball, location: 2F 1-2: Ground out U3 (Groundball, 3S)
|
Batting: RHB Chang-lit Min
|
0-0: Swinging Strike 0-1: Swinging Strike 0-2: Strikes out swinging
|
Batting: LHB Marvello Obra
|
0-0: Ball 1-0: Called Strike 1-1: Foul Ball, location: 2F 1-2: Ball 2-2: Strikes out looking
|
Bottom of the 5th over - 0 runs, 0 hits, 0 errors, 0 left on base; Phoenix 1 - Gwinnett County 0 |
TOP OF THE 6TH |
Phoenix Hotspur U-21 batting - Pitching for Gwinnett County Black Cats : RHP Jeff Greer
|
Batting: LHB Damian Alldred
|
0-0: Foul Ball, location: 2F 0-1: Foul Ball, location: 2F 0-2: Ball 1-2: Strikes out looking
|
Batting: LHB Tyler Kinjeketile
|
0-0: Foul Ball, location: 2F 0-1: Foul Ball, location: 2F 0-2: Fly out, F5 (Popup, 5)
|
Batting: LHB Jason DeGeorge
|
0-0: Ball 1-0: Ball 2-0: Foul Ball, location: 2F 2-1: Foul Ball, location: 2F 2-2: Foul Ball, location: 2F 2-2: Foul Ball, location: 2F 2-2: Ball 3-2: Strikes out looking
|
Top of the 6th over - 0 runs, 0 hits, 0 errors, 0 left on base; Phoenix 1 - Gwinnett County 0 |
BOTTOM OF THE 6TH |
Gwinnett County Black Cats batting - Pitching for Phoenix Hotspur U-21 : RHP Jorge Cruzan
|
Batting: RHB Bill Wilson
|
0-0: Swinging Strike 0-1: Bunted foul 0-2: Ball 1-2: SINGLE (Line Drive, 6M)
|
Batting: RHB Elder Sarrano
|
0-0: Sac Bunt - play at second, runner OUT! 1-6
|
Batting: RHB José García
|
0-0: Ball Elder Sarrano is caught stealing 2nd base 1-0: Ground out 4-3 (Groundball, 4M)
|
Bottom of the 6th over - 0 runs, 1 hit, 0 errors, 0 left on base; Phoenix 1 - Gwinnett County 0 |
TOP OF THE 7TH |
Phoenix Hotspur U-21 batting - Pitching for Gwinnett County Black Cats : RHP Jeff Greer
|
Batting: RHB Jim Justice
|
0-0: Fly out, F9 (Flyball, 9)
|
Batting: RHB Sinfronio Vitor
|
0-0: Called Strike 0-1: Ball 1-1: Called Strike 1-2: Ball 2-2: Strikes out looking
|
Batting: RHB Bill Erickson
|
0-0: Ball 1-0: Called Strike 1-1: Ball 2-1: Foul Ball, location: 2F 2-2: Fly out, F4 (Popup, 4M)
|
Top of the 7th over - 0 runs, 0 hits, 0 errors, 0 left on base; Phoenix 1 - Gwinnett County 0 |
BOTTOM OF THE 7TH |
Gwinnett County Black Cats batting - Pitching for Phoenix Hotspur U-21 : RHP Jorge Cruzan
|
Now at 2B: Dale Everest
|
|
Batting: LHB Ramón Vega
|
0-0: Fly out, F8 (Line Drive, 89D)
|
Batting: RHB Luc Bartoli
|
0-0: Ball 1-0: Swinging Strike 1-1: Ball 2-1: Called Strike 2-2: Foul Ball, location: 2F 2-2: Foul Ball, location: 2F 2-2: Ground out 4-3 (Groundball, 4)
|
Batting: RHB Sidney Mackell
|
0-0: Called Strike 0-1: Ball 1-1: Ball 2-1: Called Strike 2-2: Strikes out swinging
|
Bottom of the 7th over - 0 runs, 0 hits, 0 errors, 0 left on base; Phoenix 1 - Gwinnett County 0 |
TOP OF THE 8TH |
Phoenix Hotspur U-21 batting - Pitching for Gwinnett County Black Cats : RHP Jeff Greer
|
Batting: RHB Bill Poole
|
0-0: Called Strike 0-1: Called Strike 0-2: Strikes out swinging
|
Batting: RHB Braylen Sampson
|
0-0: Called Strike 0-1: Ball 1-1: Ball 2-1: Called Strike 2-2: Ground out 6-3 (Groundball, 6)
|
Batting: RHB Greg Billingsley
|
0-0: Called Strike 0-1: Ball 1-1: Called Strike 1-2: Strikes out looking
|
Top of the 8th over - 0 runs, 0 hits, 0 errors, 0 left on base; Phoenix 1 - Gwinnett County 0 |
BOTTOM OF THE 8TH |
Gwinnett County Black Cats batting - Pitching for Phoenix Hotspur U-21 : RHP Jorge Cruzan
|
Now at 1B: Enrico Sandoval
|
|
Now in RF: Joseph Antoine
|
|
Batting: RHB Manuel Barrios
|
0-0: Ball 1-0: Ball 2-0: Ground out 4-3 (Groundball, 34)
|
Batting: RHB Chang-lit Min
|
0-0: Ball 1-0: Fly out, F3 (Line Drive, 3)
|
Batting: LHB Marvello Obra
|
0-0: Called Strike 0-1: Ball 1-1: SINGLE (Line Drive, 9)
|
Pinch Hitting: LHB Víctor Sánchez
|
0-0: Ball 1-0: Ball 2-0: Swinging Strike 2-1: Foul Ball, location: 2F 2-2: Ground out 3-1 (Groundball, 34S)
|
Bottom of the 8th over - 0 runs, 1 hit, 0 errors, 1 left on base; Phoenix 1 - Gwinnett County 0 |
TOP OF THE 9TH |
Phoenix Hotspur U-21 batting - Pitching for Gwinnett County Black Cats : RHP Jeff Greer
|
Pitching: RHP Ming-hoa Zhou
|
|
Now at 2B: Víctor Sánchez
|
|
Batting: LHB Damian Alldred
|
0-0: Called Strike 0-1: Foul Ball, location: 2F 0-2: Fly out, F9 (Flyball, 9S)
|
Batting: LHB Joseph Antoine
|
0-0: Swinging Strike 0-1: Ball 1-1: Called Strike 1-2: Ball 2-2: Foul Ball, location: 2F 2-2: Ball 3-2: Strikes out swinging
|
Batting: LHB Jason DeGeorge
|
0-0: Ball 1-0: Ball 2-0: Called Strike 2-1: Swinging Strike 2-2: Fly out, F8 (Flyball, 8RS)
|
Top of the 9th over - 0 runs, 0 hits, 0 errors, 0 left on base; Phoenix 1 - Gwinnett County 0 |
BOTTOM OF THE 9TH |
Gwinnett County Black Cats batting - Pitching for Phoenix Hotspur U-21 : RHP Jorge Cruzan
|
Pitching: RHP Jason MacDonald
|
|
Pinch Hitting: RHB Matt Jeong
|
0-0: Called Strike 0-1: Fly out, F7 (Line Drive, 78D)
|
Batting: RHB José García
|
0-0: Ball 1-0: Ball 2-0: Called Strike 2-1: Swinging Strike 2-2: Ground out 5-3 (Groundball, 56S)
|
Batting: LHB Ramón Vega
|
0-0: SINGLE (Flyball, 78S)
|
Batting: RHB Luc Bartoli
|
0-0: Ball 1-0: Ball 2-0: SINGLE (Flyball, 78S) Ramón Vega to second Runner from 2nd tries for 3rd, SAFE, throw made to third Luc Bartoli to second
|
Batting: RHB Sidney Mackell
|
0-0: Foul Ball, location: 2F 0-1: DOUBLE (Line Drive, 78D) Ramón Vega scores Luc Bartoli scores
|
Tuesday, December 19th, 2017 - OOTP Baseball 18.8 Build 76
|
|